Map: Vereister Tempel

Players

metzo

  • Race: Zerg Zerg
  • League: Gold

BeAddicted - Winner!

  • Race: Protoss Protoss
  • League: Gold

VOD

Have the link to the VOD?

Description

Time

  • Played on: April 14, 2016, 9:33 a.m.
  • Length: 11:17
Show
View Real Time Build Order
Export as new Build Order

metzo Zerg 

Build Orders: Pool First 

Get SALT Encoding   

  12  0:01  Drone  
  13  0:08  Drone  
  14  0:17  Overlord  
  14  0:24  Extractor  
  14  0:25  Drone  
  15  0:39  Spawning Pool  
  15  0:42  Drone  
  15  0:46  Drone  
  16  0:50  Drone  
  16  0:55  Drone  
  18  1:17  Hatchery  
  17  1:21  Drone  
  17  1:23  Drone  
  19  1:27  Extractor  
  19  1:32  Queen  
  20  1:38  Overlord  
  20  1:43  Zergling x2  
  21  1:51  Drone  
  22  2:04  Drone  
  23  2:19  Drone  
  24  2:27  Drone  
  25  2:31  Queen  
  25  2:33  Drone x2  
  25  2:35  Hatchery  
  27  2:41  Zergling x2  
  27  2:42  Zergling x4  
  30  2:52  Roach Warren  
  30  2:56  Spine Crawler  
  28  3:02  Drone x2  
  24  3:39  Drone x6  
  29  3:49  Extractor  
  29  3:53  Drone x3  
  29  3:55  Drone x3  
  33  3:59  Drone  
  35  4:03  Overlord  
  35  4:04  Queen  
  37  4:10  Drone x3  
  37  4:16  Overlord  
  40  4:19  Overlord  
  40  4:23  Drone  
  42  4:24  Drone  
  42  4:32  Evolution Chamber  
  42  4:37  Drone x6  
  47  4:45  Spore Crawler  
  47  4:49  Spore Crawler  
  45  4:57  Spore Crawler  
  44  5:00  Drone x3  
  44  5:01  Drone x3  
  44  5:05  Spore Crawler  
  49  5:08  Spore Crawler  
  48  5:17  Extractor x2  
  48  5:20  Drone x4  
  50  5:26  Zerg Missile Weapons Level 1  
  50  5:32  Extractor  
  50  5:34  Extractor  
  48  5:47  Lair  
  48  6:15  Spore Crawler  
  46  6:24  Spore Crawler  
  45  6:27  Overlord x4  
  45  6:28  Overlord x3  
  45  6:42  Overlord x2  
  45  6:43  Overlord  
  45  6:46  Queen  
  45  7:03  Hydralisk Den  
  43  7:22  Drone x5  
  47  7:23  Drone x4  
  47  7:38  Hydralisk x9  
  47  7:39  Hydralisk x4  
  66  7:48  Hydralisk  
  61  7:56  Hydralisk x2  
  59  8:25  Hydralisk x4  
  59  8:26  Hydralisk  
  66  8:35  Drone x4  
  70  8:43  Drone  
  70  8:44  Drone  
  72  8:52  Queen  
  50  9:11  Drone  
  50  9:12  Drone x7  
  58  9:26  Drone  
  58  9:27  Drone x5  
  64  9:36  Muscular Augments  
  64  9:54  Hydralisk x2  
  64  9:55  Hydralisk x4  
  72  10:08  Hydralisk x3  
  78  10:19  Hydralisk x3  
  84  10:40  Zergling x2  
  85  10:43  Hatchery  
  82  10:50  Hydralisk x3  
Show
View Real Time Build Order
Export as new Build Order

BeAddicted Protoss - Winner!

Build Orders:  

Get SALT Encoding   

  12  0:01  Probe (Chrono Boost)  
  13  0:11  Probe (Chrono Boost)  
  14  0:21  Pylon  
  14  0:22  Probe (Chrono Boost)  
  15  0:39  Probe (Chrono Boost)  
  15  0:41  Gateway  
  16  0:48  Assimilator  
  16  0:49  Probe (Chrono Boost)  
  17  1:00  Probe (Chrono Boost)  
  18  1:09  Gateway  
  18  1:14  Probe (Chrono Boost)  
  19  1:20  Assimilator  
  19  1:25  Probe (Chrono Boost)  
  20  1:29  Cybernetics Core  
  20  1:36  Probe (Chrono Boost)  
  21  1:44  Pylon  
  21  1:47  Probe (Chrono Boost)  
  22  1:57  Probe (Chrono Boost)  
  23  2:06  Adept x2  
  23  2:08  Probe (Chrono Boost)  
  28  2:12  Warp Gate  
  27  2:19  Probe (Chrono Boost)  
  29  2:30  Probe (Chrono Boost)  
  29  2:46  Nexus  
  29  2:54  Mothership Core (Chrono Boost)  
  31  2:59  Pylon  
  29  3:38  Probe (Chrono Boost)  
  29  3:39  Stargate  
  28  3:42  Stargate, Adept x2  
  28  3:48  Probe (Chrono Boost)  
  33  3:59  Probe (Chrono Boost)  
  34  4:05  Probe (Chrono Boost)  
  35  4:19  Probe (Chrono Boost)  
  35  4:20  Probe (Chrono Boost)  
  35  4:21  Gateway  
  35  4:22  Assimilator  
  37  4:25  Phoenix x2  
  37  4:30  Probe x2 (Chrono Boost)  
  37  4:31  Protoss Air Weapons Level 1  
  43  4:41  Probe x2 (Chrono Boost)  
  45  4:50  Phoenix x2  
  49  4:53  Probe (Chrono Boost)  
  49  4:54  Probe (Chrono Boost)  
  51  5:10  Probe x2 (Chrono Boost)  
  53  5:14  Assimilator  
  53  5:20  Probe (Chrono Boost)  
  54  5:37  Pylon  
  54  5:41  Probe x2 (Chrono Boost)  
  54  5:43  Pylon  
  54  5:55  Phoenix x2  
  58  5:59  Nexus  
  58  6:01  Pylon  
  58  6:03  Pylon  
  58  6:20  Phoenix x2  
  62  6:27  Probe x2 (Chrono Boost)  
  62  6:30  Adept x3  
  70  6:37  Probe (Chrono Boost)  
  70  6:38  Robotics Facility  
  71  6:40  Robotics Facility  
  71  6:43  Gateway  
  71  6:52  Adept  
  71  6:53  Adept x2  
  77  7:05  Probe x2 (Chrono Boost)  
  79  7:15  Probe x2 (Chrono Boost)  
  79  7:43  Adept  
  79  7:44  Adept x2  
  85  7:46  Immortal  
  85  7:47  Immortal  
  85  7:48  Probe x2 (Chrono Boost)  
  85  7:50  Probe (Chrono Boost)  
  96  7:54  Assimilator  
  96  7:56  Assimilator  
  96  7:59  Probe x2 (Chrono Boost)  
  96  8:01  Probe (Chrono Boost)  
  96  8:02  Forge  
  96  8:04  Forge  
  93  8:30  Adept x4  
  93  8:33  Probe x2 (Chrono Boost)  
  95  8:40  Protoss Ground Weapons Level 1, Protoss Ground Armor Level 1  
  93  8:42  Immortal x2  
  101  8:51  Pylon  
  101  8:53  Pylon  
  101  8:56  Photon Cannon, Pylon  
  101  8:58  Photon Cannon  
  101  9:03  Mothership Core (Chrono Boost)  
  101  9:04  Probe (Chrono Boost)  
  100  9:10  Stalker x4  
  100  9:15  Probe (Chrono Boost)  
  109  9:21  Probe (Chrono Boost)  
  110  9:30  Nexus  
  110  9:32  Pylon  
  110  9:36  Pylon  
  110  9:39  Assimilator  
  110  9:42  Assimilator  
  108  10:06  Adept x4  
  114  10:09  Probe x3 (Chrono Boost)  
  117  10:19  Probe (Chrono Boost), Twilight Council  
  117  10:20  Gateway  
  118  10:22  Gateway  
  118  10:23  Gateway  
  118  10:25  Immortal x2, Gateway  
  118  10:28  Stalker x4  
  134  10:31  Robotics Bay  
Tags
 
Add a new tag
Caveats
  • Supply blocks, unpowered buildings, or Contaminate may cause inaccurate times.
  • Supply counts are checked every 10 seconds.